 Dungeon Crawl Stone Soup version 0.27.1-4-g1640c2035a (webtiles) character file.

Game seed: 6188723657936934123

277 zeram the Chopper (level 6, -1/79 HPs)
             Began as a Hill Orc Fighter on Nov 13, 2021.
             Was an Initiate of Qazlal.
             Succumbed to Edmund's poison
             ... on level 4 of the Dungeon.
             The game lasted 00:07:52 (4014 turns).

zeram the Chopper (Hill Orc Fighter)                Turns: 4014, Time: 00:07:53

Health: -1/79      AC: 27    Str: 18 (21) XL:     6   Next: 25%
Magic:  6/6        EV:  2    Int:  7 (8)  God:    Qazlal [......]
Gold:   142        SH:  9    Dex:  9 (10) Spells: 5/5 levels left

rFire    . . .     SeeInvis +   a - +0 war axe
rCold    . . .     Faith    .   c - +0 kite shield
rNeg     + + +     Spirit   .   (armour currently unavailable)
rPois    +         Reflect  .   (helmet currently unavailable)
rElec    .         Harm     .   (cloak currently unavailable)
rCorr    .         Rampage  .   (gloves currently unavailable)
Will     .....     NoTele   +   (boots currently unavailable)
Stlth    +.........             (no amulet)
HPRegen  0.23/turn              j - +4 ring of protection
MPRegen  0.10/turn              m - ring of see invisible

@: lethally poisoned (-1 -> -15), tree-form (expiring), studying Axes
A: stationary, stasis, torment immunity, boosted hp
a: Renounce Religion


You were on level 4 of the Dungeon.
You worshipped Qazlal.
Qazlal was noncommittal.
You were a tree.
You visited 1 branch of the dungeon, and saw 4 of its levels.

You collected 192 gold pieces.
You spent 50 gold pieces at shops.

Inventory:

Hand Weapons
 a - a +0 war axe (weapon)
Armour
 b - a +0 scale mail (melded)
 c - a +0 kite shield (worn)
Jewellery
 j - a +4 ring of protection (left branch)
 m - a ring of see invisible (right branch)
 o - a ring of flight
 q - an amulet of regeneration
Scrolls
 d - a scroll of blinking {unknown}
 e - a scroll of identify {unknown}
 f - a scroll of teleportation {unknown}
 g - a scroll of noise
 h - a scroll of amnesia {unknown}
 p - a scroll of fear {unknown}
Potions
 k - a potion of flight


   Skills:
 + Level 4.6 Fighting
 + Level 6.8 Axes
 + Level 4.7 Armour
 + Level 4.2 Shields


You had 5 spell levels left.
You didn't know any spells.
Your spell library contained the following spells:

 Spells                   Type           Power      Damage    Failure   Level
 Beastly Appendage        Tmut           0%         N/A       88%         1
 Wereblood                Tmut           0%         N/A       95%         2
 Spider Form              Tmut/Pois      0%         N/A       99%         3


Dungeon Overview and Level Annotations

Branches:
Dungeon (4/15)
 Temple: D:4-7

Altars:
Qazlal
Wu Jian

Shops:
D:3 !(*(

Annotations:
D:4 Edmund


Message History

You feel very sick. Edmund completely misses you.
You hit Edmund but do no damage.
Edmund is severely wounded.
You feel very sick.
Edmund hits you with a +2 flail of venom.
* * * LOW HITPOINT WARNING * * *
Edmund hits you but does no damage.
You are lethally poisoned!
You feel much better.
You feel very sick. You block Edmund's attack.
Your shield prevents you from hitting Edmund.
Edmund is severely wounded.
You feel very sick. Edmund hits you but does no damage.
You are more poisoned.
You slash Edmund!
Edmund is almost dead.
Your transformation is almost over.
You feel extremely sick.
Edmund hits you with a +2 flail of venom!
* * * LOW HITPOINT WARNING * * *
You are more poisoned.
You hit Edmund but do no damage.
Edmund is almost dead.
* * * LOW HITPOINT WARNING * * *
You feel extremely sick. Edmund hits you but does no damage.
Edmund says, "You wouldn't believe how much I paid for this flail."
Edmund hits you but does no damage.
You slash Edmund!
Edmund is almost dead.
* * * LOW HITPOINT WARNING * * *
You feel very sick. Edmund hits you but does no damage.
Unknown command.
You closely miss Edmund.
Edmund is almost dead.
You die...

#....### #.......##
###### ##.......#
#........ #..#.....
#..#..... #..##....
#...##...
############...###..
##.@♣...[.......####.
#..############...###
#..# ###..<# ##.##
###.. #..## ###
#...## # #....# #
#......# # #......#


You could see Edmund.

Vanquished Creatures
  A water moccasin (D:4)
  3 orc wizards
  2 adders
  4 worms
  4 orcs
  2 ball pythons (D:1)
  7 endoplasms
  2 giant cockroaches
  9 goblins
  7 hobgoblins
  3 jackals (D:3)
  3 kobolds
  3 quokkas
  5 bats
  4 frilled lizards
  7 rats
66 creatures vanquished.

Notes
Turn   | Place    | Note
-------+----------+-------------------------------------------
     0 | D:1      | zeram the Hill Orc Fighter began the quest for the Orb.
     0 | D:1      | Reached XP level 1. HP: 19/19 MP: 1/1
    45 | D:1      | Reached XP level 2. HP: 7/27 MP: 2/2
   629 | D:1      | Reached skill level 3 in Axes
   893 | D:1      | Found a faded altar of an unknown god.
  1056 | D:1      | Reached XP level 3. HP: 27/33 MP: 3/3
  2533 | D:2      | Reached XP level 4. HP: 40/40 MP: 4/4
  2618 | D:3      | Reached skill level 4 in Axes
  2854 | D:3      | Found Jisiff's General Store.
  2902 | D:3      | Found Jiasmemp's Distillery.
  2907 | D:3      | Bought a potion of heal wounds for 50 gold pieces
  3017 | D:3      | Found an ornate altar of the Wu Jian Council.
  3043 | D:3      | Found Hang's Weapon Emporium.
  3120 | D:3      | Found Ukuv's Antique Weapon Shop.
  3179 | D:3      | Found a stormy altar of Qazlal.
  3561 | D:3      | Became a worshipper of Qazlal Stormbringer
  3563 | D:3      | Identified a scroll of acquirement
  3563 | D:3      | Acquired a manual of Axes
  3597 | D:4      | Reached XP level 5. HP: 34/47 MP: 5/5
  3726 | D:4      | Reached skill level 5 in Axes
  3978 | D:4      | Noticed Edmund
  3981 | D:4      | Noticed a water moccasin
  3996 | D:4      | Killed a water moccasin
  3997 | D:4      | Reached skill level 6 in Axes
  3997 | D:4      | Reached XP level 6. HP: 22/53 MP: 6/6
  4013 | D:4      | HP: 3/79 [poisoned by Edmund]
  4014 | D:4      | Succumbed to Edmund's poison

Illustrated notes

Levels and vault maps discovered:
D:1:      minmay_arrival_diagonal_passages, layout_basic,
          hellmonk_ecumenical_altar_inner_sanctum, minmay_pentomino_u4
D:2:      layout_loops_corners, kennysheep_generic_room_2
D:3:      layout_basic, mainiacjoe_overflow_six_doors_small,
          grunt_qazlal_sundering, serial_shops, shop_statue, shop, shop,
          nicolae_shop_temple_entry_statues_fountains
D:4:      layout_cave_pods, mainiacjoe_overflow_brackets, marbit_many_paths,
          uniq_edmund

Skill      XL: |  1  2  3  4  5 |
---------------+----------------+-----
Axes           | 3 4 6 |  6.8
Fighting       | 4 |  4.6
Armour         | 4 |  4.7
Shields        | 4 |  4.2

Action                   |  1- 3 |  4- 6 || total
-------------------------+-------+-------++-------
Melee: War axe           |   136 |    85 ||   221
  Use: Scroll            |       |     2 ||     2
       Potion            |       |     8 ||     8
Armor: Scale mail        |    52 |    46 ||    98
       Skin              |       |    11 ||    11
Dodge: Dodged            |    39 |    29 ||    68
Block: Kite shield       |    78 |    35 ||   113
